 Dungeon Crawl Stone Soup version 0.23-a0-582-g1b4a0ca (webtiles) character file.

85 MisterFreud the Caller (level 4, -2/32 HPs)
             Began as a Gnoll Summoner on Dec 16, 2018.
             Slain by a centaur
             ... wielding a +0 club
              (8 damage)
             ... on level 2 of the Dungeon.
             The game lasted 00:04:44 (1726 turns).

MisterFreud the Caller (Gnoll Summoner)             Turns: 1726, Time: 00:04:44

Health: -2/32      AC: 12    Str: 10    XL:     4   Next: 48%
Magic:  11/11      EV: 15    Int: 22    God:
Gold:   93         SH:  0    Dex: 15    Spells: 12/13 levels left

rFire    . . .     SeeInvis .   a - +1 dagger (protect)
rCold    . . .     Gourm    .   (no shield)
rNeg     . . .     Faith    .   e - +0 robe
rPois    .         Spirit   .   k - +2 helmet {Int+3}
rElec    .         Reflect  .   (no cloak)
rCorr    .         Harm     .   (no gloves)
MR       .....                  (no boots)
Stlth    +++.......             v - amulet of magic regeneration
HPRegen  0.10/turn              (no ring)
MPRegen  0.37/turn              (no ring)

@: protection aura, hasted, very quick
A: distributed training, fangs 1, strong nose
a: no special abilities


You were on level 2 of the Dungeon.
You were not hungry.

You visited 1 branch of the dungeon, and saw 2 of its levels.

You collected 93 gold pieces.

Inventory:

Hand Weapons
 a - a +1 dagger of protection (weapon)
 b - a +1 hunting sling of freezing
Missiles
 d - 71 stones (quivered)
 h - 8 tomahawks
 n - 25 arrows
 u - 13 poisoned needles
Armour
 e - a +0 robe (worn)
 k - a +2 helmet of intelligence (worn)
 t - a +0 buckler
 w - cursed +0 fire dragon scales
Jewellery
 v - an amulet of magic regeneration (around neck)
Scrolls
 f - 4 scrolls of teleportation {unknown}
 i - 3 scrolls of identify {unknown}
 j - 2 scrolls of remove curse {unknown}
 l - a scroll of magic mapping {unknown}
 q - a scroll of fog {unknown}
 x - a scroll of blinking {unknown}
Potions
 m - a potion of haste
 o - a potion of ambrosia {unknown}
 p - a potion of flight {unknown}
 s - a potion of brilliance {unknown}
Comestibles
 c - 2 rations
 r - 2 chunks of flesh


   Skills:
 + Level 1.1 Fighting
 + Level 1.1 Short Blades
 + Level 1.1 Long Blades
 + Level 1.1 Axes
 + Level 1.1 Maces & Flails
 + Level 1.1 Polearms
 + Level 1.1 Staves
 + Level 1.1 Slings
 + Level 1.1 Bows
 + Level 1.1 Crossbows
 + Level 1.1 Throwing
 + Level 1.1 Armour
 + Level 4.6 Dodging
 + Level 4.2 Stealth
 + Level 1.1 Shields
 + Level 1.1 Unarmed Combat
 + Level 5.1 Spellcasting
 + Level 0.9 Conjurations
 + Level 0.9 Hexes
 + Level 0.9 Charms
 + Level 7.1 Summonings
 + Level 0.9 Necromancy
 + Level 0.9 Translocations
 + Level 0.9 Transmutations
 + Level 0.9 Fire Magic
 + Level 0.9 Ice Magic
 + Level 0.9 Air Magic
 + Level 0.9 Earth Magic
 + Level 0.9 Poison Magic
 + Level 1.2 Invocations
 + Level 1.1 Evocations


You had 12 spell levels left.
You knew the following spells:

 Your Spells              Type           Power        Failure   Level  Hunger
a - Summon Small Mammal   Summ           ####         1%          1    None

Your spell library contained the following spells:

 Spells                   Type           Power        Failure   Level  Hunger
 Call Imp                 Summ           #####...     1%          2    None
 Call Canine Familiar     Summ           #####...     1%          3    ##.....
 Summon Guardian Golem    Hex/Summ       ###.....     6%          3    ##.....
 Summon Ice Beast         Ice/Summ       ###.....     19%         4    ####...
 Summon Lightning Spire   Summ/Air       ###.....     19%         4    ####...


Dungeon Overview and Level Annotations

Branches:
Dungeon (2/15)

Altars:


Innate Abilities, Weirdness & Mutations

Your experience applies equally to all skills.
You have very sharp teeth.
Your uncanny sense of smell can sniff out nearby items.


Message History

It was a potion of curing.
You feel better. The centaur completely misses you.
You hit the centaur but do no damage.
The centaur is severely wounded.
The centaur closely misses you.
You hit the centaur but do no damage.
The centaur is severely wounded.
The centaur hits you but does no damage.
You hit the centaur.
The centaur is almost dead.
The centaur barely misses you.
You barely miss the centaur.
The centaur is almost dead.
Some of the chunks of flesh in your inventory have rotted away.
You barely miss the centaur. You bite the centaur, but do no damage.
The centaur is almost dead.
The centaur closely misses you.
You barely miss the centaur. You bite the centaur, but do no damage.
The centaur is almost dead.
The centaur hits you with a +0 club!
You die...

# #.# #.### #.......) ###.# #.#
#.....†.. ....# #.# ###.....÷..
#.### #(# #.......... #.# #.#
#.#........ #.# #.# #.#........
#.######## #.# #.#........
#...........# #.# #.#........
#.#########.# #@# #.#...#.###
#.# #.# #c# #..#)#..## #.#
######.# #(# ##.##.#...##
#.####...##.# #(# #...........
.........##.# #(# ##.##.#...##
#.##....c...####.# ##.#.#..##
#.##......c)(.(..########...#.#
#.##÷.....§.##...........).##.#
#...............÷.....#######.#


You could see a centaur.

Vanquished Creatures
  3 adders (D:2)
  A dart slug (D:2)
  2 leopard geckos (D:1)
  4 orcs (D:2)
  4 giant cockroaches (D:1)
  5 goblins
  3 hobgoblins
  2 jackals (D:1)
  9 kobolds
  2 quokkas (D:2)
  2 ball pythons
  5 bats
  A frilled lizard (D:1)
  3 rats (D:2)
46 creatures vanquished.

Vanquished Creatures (collateral kills)
  A goblin (D:1)
1 creature vanquished.

Grand Total: 47 creatures vanquished

Notes
Turn   | Place    | Note
-------+----------+-------------------------------------------
     0 | D:1      | MisterFreud the Gnoll Summoner began the quest for the Orb.
     0 | D:1      | Reached XP level 1. HP: 13/13 MP: 6/6
    67 | D:1      | Reached XP level 2. HP: 17/19 MP: 7/7
   765 | D:1      | Reached XP level 3. HP: 25/25 MP: 9/9
   817 | D:1      | Reached skill level 5 in Spellcasting
  1165 | D:2      | Reached skill level 1 in Invocations
  1310 | D:2      | Reached skill level 1 in Fighting
  1310 | D:2      | Reached skill level 1 in Short Blades
  1310 | D:2      | Reached skill level 1 in Long Blades
  1310 | D:2      | Reached skill level 1 in Axes
  1310 | D:2      | Reached skill level 1 in Maces & Flails
  1310 | D:2      | Reached skill level 1 in Polearms
  1310 | D:2      | Reached skill level 1 in Staves
  1310 | D:2      | Reached skill level 1 in Slings
  1310 | D:2      | Reached skill level 1 in Bows
  1310 | D:2      | Reached skill level 1 in Crossbows
  1310 | D:2      | Reached skill level 1 in Throwing
  1310 | D:2      | Reached skill level 1 in Armour
  1310 | D:2      | Reached skill level 1 in Shields
  1310 | D:2      | Reached skill level 1 in Unarmed Combat
  1310 | D:2      | Reached skill level 1 in Evocations
  1335 | D:2      | Reached XP level 4. HP: 32/32 MP: 11/11
  1695 | D:2      | Noticed a centaur
  1718 | D:2      | HP: 1/32 [centaur/+0 club (9)]
  1726 | D:2      | Slain by a centaur

Vault maps used:
D:1:      dpeg_arrival_boxes_within_box, minmay_tromino_v4_a
D:2:      nicolae_overflow_hidden_temple

Skill      XL: |  1  2  3 |
---------------+----------+-----
Spellcasting   | 5 |  5.1
Invocations    | 1 |  1.2
Fighting       | 1 |  1.1
Short Blades   | 1 |  1.1
Long Blades    | 1 |  1.1
Axes           | 1 |  1.1
Maces & Flails | 1 |  1.1
Polearms       | 1 |  1.1
Staves         | 1 |  1.1
Slings         | 1 |  1.1
Bows           | 1 |  1.1
Crossbows      | 1 |  1.1
Throwing       | 1 |  1.1
Armour         | 1 |  1.1
Shields        | 1 |  1.1
Unarmed Combat | 1 |  1.1
Evocations     | 1 |  1.1
Dodging        | |  4.6
Stealth        | |  4.2
Conjurations   | |  0.9
Hexes          | |  0.9
Charms         | |  0.9
Summonings     | |  7.1
Necromancy     | |  0.9
Translocations | |  0.9
Transmutations | |  0.9
Fire Magic     | |  0.9
Ice Magic      | |  0.9
Air Magic      | |  0.9
Earth Magic    | |  0.9
Poison Magic   | |  0.9

Action                   |  1- 3 |  4- 6 || total
-------------------------+-------+-------++-------
Melee: Dagger            |    73 |    54 ||   127
       Bite              |    10 |     7 ||    17
 Fire: Hunting sling     |    59 |     6 ||    65
 Cast: Summon Small Mamm |     2 |     5 ||     7
  Use: Potion            |       |     2 ||     2
  Eat: Chunk             |     1 |     2 ||     3
Armor: Robe              |    27 |    20 ||    47
Dodge: Dodged            |    66 |    52 ||   118

Table legend:
 A = Non-vault XP
 B = Vault XP
 C = Vault XP percentage of total XP
 D = Non-vault monster count
 E = Vault monster count
 F = Vault count percentage of total count
                 A         B        C        D         E       F
            +---------+---------+-------+---------+---------+-------
      Total |     116 |       6 |   4.9 |      43 |       4 |   8.5
            +---------+---------+-------+---------+---------+-------
        D:1 |      36 |       6 |  14.3 |      19 |       4 |  17.4
        D:2 |      80 |       0 |   0.0 |      24 |       0 |   0.0
            +---------+---------+-------+---------+---------+-------
